 Dungeon Crawl Stone Soup version 0.29.1-12-g30fa7ad0bf (webtiles) character file.

Game seed: 1828637781535794383

415 fishmans the Cleaver (level 6, -2/51 HPs)
             Began as a Minotaur Fighter on Dec 13, 2022.
             Was an Initiate of Gozag.
             Slain by a wraith (8 damage)
             ... on level 5 of the Dungeon on Dec 20, 2022.
             The game lasted 00:16:26 (5194 turns).

fishmans the Cleaver (Minotaur Fighter)             Turns: 5194, Time: 00:16:27

Health: -2/51      AC:  8    Str: 23    XL:     6   Next: 60%
Magic:  5/5        EV:  9    Int:  5    God:    Gozag
Gold:   325        SH:  4    Dex:  9    Spells: 5/5 levels left

rFire   . . .      SeeInvis .   a - +0 war axe
rCold   . . .      Faith    .   c - +0 buckler
rNeg    . . .      Spirit   .   b - +0 scale mail
rPois   .          Reflect  .   (helmet restricted)
rElec   .          Harm     .   (no cloak)
rCorr   .          Rampage  .   l - +0 pair of gloves
Will    .....                   (no boots)
Stlth   ..........              (no amulet)
HPRegen 0.17/turn               (no ring)
MPRegen 0.09/turn               (no ring)

@: mighty, slowed, very slow
A: horns 2, retaliatory headbutt
a: Renounce Religion, Potion Petition, Call Merchant, Bribe Branch


You were on level 5 of the Dungeon.
You worshipped Gozag.
Gozag was aware of your devotion.
You visited 1 branch of the dungeon, and saw 5 of its levels.

You collected 371 gold pieces.
You paid 46 gold pieces to Gozag.

Inventory:

Hand Weapons
 a - a +0 war axe (weapon)
 o - a +0 trident
 r - a +3 whip
Missiles
 q - a throwing net (quivered)
Armour
 b - a +0 scale mail (worn)
 c - a +0 buckler (worn)
 l - a +0 pair of gloves (worn)
Wands
 g - a wand of paralysis (8)
 m - a wand of roots (3)
Scrolls
 f - a scroll of immolation
 h - a scroll of noise
 i - a scroll of torment
 k - 2 scrolls of enchant armour
 s - a scroll of silence {unknown}
Potions
 e - a potion of mutation
 j - a potion of heal wounds {unknown}
 n - a potion of berserk rage {unknown}
 p - a potion of resistance {unknown}


   Skills:
 - Level 3.6 Fighting
 + Level 8.6 Axes
 - Level 3.6 Armour
 - Level 3.6 Shields


You had 5 spell levels left.
You didn't know any spells.
Your spell library contained the following spells:

 Spells                   Type           Power      Damage    Failure   Level
 Ensorcelled Hibernation  Hex/Ice        0%         N/A       95%         2
 Passwall                 Tmut/Erth      0%         N/A       95%         2
 Swiftness                Air            0%         N/A       99%         3
 Dispersal                Tloc           0%         N/A       100%        6
 Disjunction              Tloc           0%         N/A       100%        8


Dungeon Overview and Level Annotations

Branches:
Dungeon (5/15)
 Temple: D:4-7

Altars:
Gozag


Innate Abilities, Weirdness & Mutations

You have a pair of horns on your head.
You reflexively headbutt those who attack you in melee.


Message History

The wraith barely misses you.
You barely miss the wraith. The wraith hits you but does no damage.
You block the wraith's attack.
You hit the wraith. Your headbutt misses the wraith.
The wraith is lightly damaged.
The wraith hits you! The wraith drains your vigour!
You feel yourself slow down.
You closely miss the wraith.
The wraith is lightly damaged.
The wraith hits you. The wraith drains your vigour!
You feel as though you will be slow longer.
You hit the wraith but do no damage.
The wraith is lightly damaged.
The wraith hits you. The wraith drains your vigour!
You feel as though you will be slow longer.
The wraith hits you. The wraith drains your vigour!
You feel as though you will be slow longer.
You barely miss the wraith.
The wraith is lightly damaged.
The wraith barely misses you.
You barely miss the wraith. Your headbutt misses the wraith.
The wraith is lightly damaged.
The wraith hits you. The wraith drains your vigour!
You feel as though you will be slow longer.
The wraith hits you!
* * * LOW HITPOINT WARNING * * *
The wraith drains your vigour!
You feel as though you will be slow longer.
Okay, then.
You feel very mighty all of a sudden. You block the wraith's attack.
You barely miss the wraith.
The wraith is lightly damaged.
The wraith hits you!
* * * LOW HITPOINT WARNING * * *
The wraith drains your vigour!
You feel as though you will be slow longer.
The wraith hits you!
You die...
Your body crumbles into a pile of gold.

#####.###.###
#.........
#.>############
#.............#
#.##.##.#######
$ #.##.##.# $
#.##.##.#
#.##W##.#
#.##@##.#
#.##<##.########
####...........#
#############


You could see a wraith.

Vanquished Creatures
  A hound (D:5)
  A jelly (D:4)
  Jessica (D:3)
  2 iguanas
  An orc wizard (D:4)
  8 gnolls
  6 adders
  5 worms
  6 dart slugs
  3 orcs
  5 bats
  10 endoplasms
  4 giant cockroaches
  6 goblins
  7 hobgoblins
  4 jackals (D:3)
  8 kobolds
  3 quokkas
  10 ball pythons
  A frilled lizard (D:1)
  9 rats
101 creatures vanquished.

Notes
Turn   | Place    | Note
-------+----------+-------------------------------------------
     0 | D:1      | fishmans the Minotaur Fighter began the quest for the Orb.
     0 | D:1      | Reached XP level 1. HP: 19/19 MP: 0/0
    53 | D:1      | Reached skill level 3 in Axes
   137 | D:1      | Reached XP level 2. HP: 24/26 MP: 1/1
   521 | D:1      | Reached skill level 4 in Axes
   702 | D:1      | Reached XP level 3. HP: 31/31 MP: 2/2
  1510 | D:2      | You fall into a shaft and drop 2 floors!
  1563 | D:4      | Reached skill level 5 in Axes
  1563 | D:4      | Reached XP level 4. HP: 27/39 MP: 3/3
  1687 | D:3      | Noticed Jessica
  1692 | D:3      | Killed Jessica
  1856 | D:2      | Reached skill level 6 in Axes
  2169 | D:2      | Reached XP level 5. HP: 17/45 MP: 4/4
  3058 | D:3      | Found an opulent altar of Gozag.
  3088 | D:3      | Became a worshipper of Gozag Ym Sagoz the Greedy
  3345 | D:3      | Found a faded altar of an unknown god.
  3549 | D:4      | Reached skill level 7 in Axes
  4235 | D:4      | Reached XP level 6. HP: 21/51 MP: 5/5
  4667 | D:4      | Reached skill level 8 in Axes
  5066 | D:5      | Entered Level 5 of the Dungeon
  5153 | D:5      | Noticed a wraith
  5194 | D:5      | Slain by a wraith

Illustrated notes

Levels and vault maps discovered:
D:1:      dpeg_arrival_orchard, layout_basic
D:2:      layout_loops_ring, minmay_cupped
D:3:      layout_loops_corners, lemuel_round_altar,
          hellmonk_ecumenical_altar_dog_temple, uniq_jessica
D:4:      layout_basic, small_statue_intersection
D:5:      layout_basic, kennysheep_small_square

Skill      XL: |  1  2  3  4  5  6 |
---------------+-------------------+-----
Axes           | 3 4 5 6 7 8 |  8.6
Fighting       | |  3.6
Armour         | |  3.6
Shields        | |  3.6

Action                   |  1- 3 |  4- 6 || total
-------------------------+-------+-------++-------
Melee: War axe           |    76 |   158 ||   234
       Headbutt          |    10 |    24 ||    34
  Use: Scroll            |       |     7 ||     7
       Potion            |       |     1 ||     1
 Stab: Distracted        |       |     1 ||     1
Armor: Scale mail        |    22 |    49 ||    71
Dodge: Dodged            |    21 |    53 ||    74
Block: Buckler           |     9 |    24 ||    33
